 Dungeon Crawl Stone Soup version 0.31-a0-365-gcf821cafb2 (webtiles) character file.

Game seed: 3458347319306981289

2685 Maxmaps the Mimic (level 9, -3/67 HPs)
             Began as an Octopode Shapeshifter on July 27, 2023.
             Slain by Joseph
             ... wielding a +0 quarterstaff
              (6 damage)
             ... on level 7 of the Dungeon.
             The game lasted 00:10:05 (6073 turns).

Maxmaps the Mimic (Octopode Shapeshifter)           Turns: 6073, Time: 00:10:05

Health: -3/67      AC:  5    Str: 25    XL:     9   Next: 64%
Magic:  18/18      EV: 15    Int: 21    God:
Gold:   351        SH:  0    Dex: 12    Spells: 8/8 levels left

rFire   . .          .
                       - Unarmed
rCold   . . .        (shield currently unavailable)
rNeg    . . .        (helmet currently unavailable)
rPois   .            w - amulet of regeneration
rElec   .            m - +5 ring of evasion
rCorr   .            s - +6 ring of intelligence
SInv    .            x - ring of magical power
Will    +....        i - +6 ring of strength
Stlth   +            (no ring)
HPRegen 1.11/turn    (no ring)
MPRegen 0.16/turn    (no ring)
                     (no ring)

%: clarity
@: snake-form, corroded
A: constrict, boosted hp, almost no armour, amphibious, 8 rings, large,
(camouflage 1), (gelatinous body 1), (nimble swimmer 1), (tentacles), clarity,
strong-willed 1, mutation resistance 1
a: Begin Untransformation


You were on level 7 of the Dungeon.
You were an enormous anaconda.
You visited 1 branch of the dungeon, and saw 7 of its levels.
You also visited: Ossuary.

You collected 351 gold pieces.

Inventory:

Missiles
 q - 4 throwing nets
Armour
 g - a +0 tower shield
Jewellery
 i - a +6 ring of strength (on tentacle)
 m - a +5 ring of evasion (left tentacle)
 s - a +6 ring of intelligence (right tentacle)
 w - an amulet of regeneration (around neck)
 x - a ring of magical power (on tentacle)
Talismans
 b - a beast talisman
 l - a serpent talisman
 o - a blade talisman
Wands
 t - a wand of flame (51)
Scrolls
 c - 2 scrolls of vulnerability
 d - 3 scrolls of enchant armour
 f - a scroll of enchant weapon
 h - 4 scrolls of identify
 j - a scroll of amnesia
 k - 2 scrolls of teleportation
 r - a scroll of revelation {unknown}
 v - 2 scrolls of blinking
Potions
 a - a potion of might
 e - 4 potions of attraction
 n - 3 potions of enlightenment
 p - a potion of haste
 u - a potion of curing {unknown}


   Skills:
 - Level 3.1 Fighting
 - Level 2.0 Dodging
 + Level 7.9 Unarmed Combat
 - Level 9.1 Shapeshifting


You had 8 spell levels left.
You didn't know any spells.
Your spell library contained the following spells:

 Spells                   Type           Power      Damage    Failure   Level
 Shock                    Conj/Air       0%         1d3       19%         1
 Blink                    Tloc           0%         N/A       26%         2
 Cigotuvi's Dreadful Rot  Necr/Pois/Air  0%         N/A       26%         2
 Lesser Beckoning         Tloc           0%         N/A       26%         2
 Momentum Strike          Conj/Tloc      0%         3d8       26%         2
 Poisonous Vapours        Pois/Air       0%         N/A       26%         2
 Call Canine Familiar     Summ           0%         N/A       47%         3
 Mephitic Cloud           Conj/Pois/Air  0%         N/A       47%         3
 Portal Projectile        Hex/Tloc       0%         N/A       47%         3
 Stone Arrow              Conj/Erth      0%         3d7       47%         3
 Swiftness                Air            0%         N/A       47%         3
 Tukima's Dance           Hex            0%         N/A       47%         3
 Airstrike                Air            0%         2d(0-16)  87%         4
 Dispel Undead            Necr           0%         3d6       87%         4
 Iskenderun's Mystic Bla  Conj/Tloc      0%         2d3       87%         4
 Leda's Liquefaction      Hex/Erth       0%         N/A       87%         4
 Freezing Cloud           Conj/Ice/Air   0%         6-21      99%         5
 Death Channel            Necr           0%         N/A       100%        6
 Lehudib's Crystal Spear  Conj/Erth      0%         10d2      100%        8
 Animate Armour           Summ/Erth      Unusable   N/A       N/A         4

Dungeon Overview and Level Annotations

Branches:
Dungeon (7/15)             Temple (0/1) D:4         Ossuary (visited)

Altars:
Trog
The Shining One

Shops:
D:2 [   D:3 (

Annotations:
D:5 2 transporters, drugrobin's ghost, weakling DgDe
D:7 Joseph


Innate Abilities, Weirdness & Mutations

You are an enormous anaconda.
You have a powerful constriction melee attack.
Your maximum health is increased.
Your armour is entirely melded.
You are incapable of wielding weapons or throwing items.
You cannot wear most types of armour.
You are amphibious.
You can wear up to eight rings at the same time.
((Your skin changes colour to match your surroundings (Stealth+).))
((Your rubbery body absorbs attacks. (AC +1, EV +1)))
((You are camouflaged when in or above water. (Stealth+)))
((You have tentacles for arms and can constrict up to eight enemies at once.))
You possess an exceptional clarity of mind.
You are strong-willed. (Will+)
You are somewhat resistant to further mutation.


Message History

You lash the gnoll! Your grab misses the gnoll.
The gnoll is almost dead.
The gnoll hits you but does no damage.
You lash the gnoll!
You kill the gnoll!
Joseph unwields a +0 quarterstaff.
Joseph wields a +0 sling of electrocution.
You hear the crackle of electricity.
Joseph shoots a sling bullet.
The sling bullet hits you. The gnoll completely misses you.
Joseph zaps a wand.
The bolt of acid hits you!
Things that are here:
a +0 flail; a gnoll corpse You body-slam Joseph!!
You grab Joseph.
Joseph is moderately wounded.
You constrict Joseph.
The gnoll hits you from afar with a +0 halberd.
Joseph unwields a +0 sling of electrocution.
It stops crackling.
Joseph wields a +0 quarterstaff.
Joseph closely misses you.
You completely miss Joseph.
Joseph is moderately wounded.
You constrict Joseph.
The gnoll hits you from afar with a +0 halberd!
You lash Joseph!
Joseph is heavily wounded.
You constrict Joseph. Joseph says, "I'm happy to see you.
And I'll be happy to kill you."
Joseph zaps a wand.
The bolt of acid hits you!
* * * LOW HITPOINT WARNING * * *
The gnoll barely misses you.
You barely miss Joseph.
Joseph is heavily wounded.
You constrict Joseph.
Joseph zaps a wand.
The bolt of acid hits you!
* * * LOW HITPOINT WARNING * * *
The acid corrodes you!
Okay, then.
You lash Joseph!
Joseph is severely wounded.
You constrict Joseph. The gnoll closely misses you.
Joseph hits you with a +0 quarterstaff.
You die...

#.# ##.# ....... #..#
....... #.## .......
##.# ....... #..#
....... ##.## .......#
#######..######.......
.....>........S@g.....
#####.####)#.##.......
#. ...#.# ###..##### #
.....#.#
###......#####
##.##.#.#
#............. #.
#.#.# # #<.......... #
#.#.# #.#....#......
#.#.###.#..#.....#
#...........#


You could see Joseph and a gnoll.

Vanquished Creatures
  A kobold demonologist (D:7)
  A black bear (D:7)
  2 ice beasts (D:5)
  2 orc warriors
  An ogre (D:4)
  2 phantoms
  2 centaurs
  3 elf zombies (Ossuary)
  Blork the orc (D:5)
  4 kobold brigands (D:7)
  A bullfrog (D:6)
  3 scorpions (D:5)
  A howler monkey (D:5)
  3 orc priests
  3 hounds
  A gnoll bouda (D:6)
  A sleepcap (D:6)
  2 iguanas
  Ijyb (D:3)
  An orc wizard (D:3)
  A hound zombie (Ossuary)
  4 mummies (Ossuary)
  6 adders
  12 gnolls
  A river rat (D:5)
  3 white imps
  An ufetubus (D:5)
  An adder zombie (Ossuary)
  3 worms
  5 dart slugs
  20 orcs
  4 endoplasms
  4 giant cockroaches
  9 goblins
  10 hobgoblins
  6 jackals
  10 kobolds
  9 quokkas
  11 ball pythons
  5 bats
  2 frilled lizards
  A gnoll zombie (Ossuary)
  2 goblin zombies
  A hobgoblin zombie (Ossuary)
  A jackal zombie (Ossuary)
  A kobold zombie (Ossuary)
  An orc zombie (Ossuary)
  5 rats
  2 rat zombies
177 creatures vanquished.

Notes
Turn   | Place    | Note
-------+----------+-------------------------------------------
     0 | D:1      | Maxmaps the Octopode Shapeshifter began the quest for the
                  | Orb.
     0 | D:1      | Reached XP level 1. HP: 13/13 MP: 1/1
   167 | D:1      | Reached XP level 2. HP: 19/19 MP: 2/2
   436 | D:1      | Reached XP level 3. HP: 14/25 MP: 3/3
  1028 | D:2      | Reached XP level 4. HP: 31/31 MP: 4/4
  1160 | D:2      | Found Qecas's Antique Armour Shoppe.
  1529 | D:2      | Reached XP level 5. HP: 23/36 MP: 5/5
  1710 | D:3      | Noticed Ijyb
  1715 | D:3      | Killed Ijyb
  1716 | D:3      | Reached skill level 5 in Unarmed Combat
  1813 | D:3      | Found Teap's Weapon Emporium.
  2247 | D:4      | Noticed a phantom
  2253 | D:4      | Killed a phantom
  2254 | D:4      | Reached XP level 6. HP: 25/42 MP: 6/6
  2405 | D:4      | Found a staircase to the Ecumenical Temple.
  2445 | D:4      | Noticed an orc warrior
  2458 | D:4      | Killed an orc warrior
  2464 | D:4      | Reached skill level 4 in Shapeshifting
  2464 | D:4      | Reached XP level 7. HP: 10/46 MP: 7/7
  2706 | D:4      | Found a large runed translucent door.
  2706 | D:4      | Found a large runed translucent door.
  2997 | D:4      | Found a glowing golden altar of the Shining One.
  3017 | D:4      | Found a bloodstained altar of Trog.
  3044 | D:5      | Entered Level 5 of the Dungeon
  3070 | D:5      | Reached skill level 5 in Shapeshifting
  3158 | D:5      | Reached XP level 8. HP: 15/52 MP: 8/8
  3174 | D:5      | Found a sand-covered staircase.
  3185 | Ossuary  | Entered an ossuary
  3195 | Ossuary  | Gained mutation: You possess an exceptional clarity of
                  | mind. [potion of mutation]
  3195 | Ossuary  | Gained mutation: You are strong-willed. (Will+) [potion of
                  | mutation]
  3195 | Ossuary  | Gained mutation: You are somewhat resistant to further
                  | mutation. [potion of mutation]
  3212 | Ossuary  | Reached skill level 6 in Shapeshifting
  3525 | D:5      | Noticed Blork the orc
  3539 | D:5      | Killed Blork the orc
  3540 | D:5      | Reached skill level 7 in Shapeshifting
  3838 | D:5      | Found a transporter.
  3842 | D:5      | Noticed drugrobin's ghost (weakling DgDe)
  3843 | D:5      | Found a transporter.
  3847 | D:5      | Noticed a hornet
  4302 | D:5      | Reached skill level 8 in Shapeshifting
  4777 | D:6      | Reached XP level 9. HP: 56/56 MP: 9/9
  5448 | D:7      | Noticed Joseph
  5736 | D:7      | Reached skill level 9 in Shapeshifting
  5841 | D:7      | Noticed a kobold demonologist
  5908 | D:7      | Killed a kobold demonologist
  6072 | D:7      | HP: 2/67 [Joseph/bolt of acid (14)]
  6073 | D:7      | Slain by Joseph

Illustrated notes

Levels and vault maps discovered:
D:1:      evilmike_arrival_fibonacci_small, layout_basic
D:2:      minmay_wonky_spiral, layout_rooms, serial_shops, shop,
          kennysheep_nondescript, nicolae_grassy_gnolls
D:3:      layout_rooms, serial_shops, nicolae_shop_statue_plus, uniq_ijyb
D:4:      layout_cave_pools, jmf_multi_god_temple2, minmay_temple_entry_trees,
          grunt_decor_mini_mirrors, chequers_serial_rivers_micro_a
D:5:      layout_loops_ring, gup_sewer_entry_bubbles, enter_ossuary_4,
          gammafunk_ghost_hive, minmay_fractal_squares_diagonal_5,
          uniq_blork_the_orc
D:6:      layout_basic
D:7:      layout_basic, uniq_joseph

Skill      XL: |  1  2  3  4  5  6  7  8  9 |
---------------+----------------------------+-----
Fighting       | 2 3 |  3.1
Unarmed Combat | 4 6 7 |  7.9
Shapeshifting  | 4 5 8 9 |  9.1
Dodging        | |  2.0

Action                     |  1- 3 |  4- 6 |  7- 9 || total
---------------------------+-------+-------+-------++-------
  Melee: Unarmed           |    75 |   102 |   221 ||   398
         Constrict         |    19 |    22 |    48 ||    89
         Tentacles         |     8 |    22 |    50 ||    80
         Punch             |     1 |     1 |     8 ||    10
  Evoke: Wand              |       |       |     1 ||     1
    Use: Potion            |       |     1 |     9 ||    10
         Scroll            |       |       |    13 ||    13
   Stab: Sleeping          |     3 |     7 |     9 ||    19
         Distracted        |       |     2 |       ||     2
         Invisible         |       |       |     5 ||     5
 Armour: Skin              |     2 |    20 |    18 ||    40
  Dodge: Dodged            |    57 |    63 |   158 ||   278
   Form: Anaconda          |       |       |     1 ||     1

Table legend: (Time is in decaauts)
 A = Elapsed time spent in this place.
 B = Non-inter-level travel time spent in this place.
 C = Inter-level travel time spent in this place.
 D = Time resting spent in this place.
 E = Time spent auto-exploring this place.
 F = Levels seen in this place.
 G = Mean time per level.
                   A        B        C        D        E       F      G
               +--------+--------+--------+--------+--------+-----+--------+
         Total |   6038 |   5653 |    385 |    817 |   3606 |   8 |  754.8 |
       Dungeon |   5735 |   5350 |    385 |    817 |   3396 |   7 |  819.3 |
       Ossuary |    303 |    303 |      0 |      0 |    210 |   1 |  303.0 |
               +--------+--------+--------+--------+--------+-----+--------+

Top non-repeatable levels by time:
     D:5: 1206 daAuts
     D:6: 964 daAuts
     D:4: 819 daAuts
     D:1: 806 daAuts
     D:2: 805 daAuts
     D:3: 597 daAuts
     D:7: 534 daAuts
 Ossuary: 303 daAuts
